 Dungeon Crawl Stone Soup version 0.31-a0-202-g547052bce9 (webtiles) character file.

Game seed: 8949514257719746704

882 qw the Skirmisher (level 7, -5/40 HPs)
             Began as a Deep Elf Hunter on June 26, 2023.
             Splashed by a jelly's acid (7 damage)
             ... on level 6 of the Dungeon.
             The game lasted 00:01:27 (3610 turns).

qw the Skirmisher (Deep Elf Hunter)                 Turns: 3610, Time: 00:01:28

Health: -5/40      AC:  4    Str: 14    XL:     7   Next: 76%
Magic:  9/9        EV: 11    Int: 13    God:
Gold:   94         SH:  0    Dex: 13    Spells: 6/6 levels left

rFire   . . .        c - +8 orcbow of Uqaj {heavy, Will+}
rCold   . . .        (shield currently unavailable)
rNeg    . . .        j - +0 ring mail
rPois   .            e - +0 helmet
rElec   .            d - scarf {repulsion}
rCorr   .            g - +1 pair of gloves
SInv    .            (no boots)
Will    +....        q - amulet of regeneration
Stlth   +            (no ring)
HPRegen 1.06/turn    (no ring)
MPRegen 0.11/turn

%: repel missiles
@: about to teleport, corroded
A: clumsy 2, strong 1
a: no special abilities


You were on level 6 of the Dungeon.
You visited 1 branch of the dungeon, and saw 6 of its levels.
You also visited: Sewer.

You collected 250 gold pieces.
You spent 156 gold pieces at shops.


Innate Abilities, Weirdness & Mutations

You are very clumsy. (Dex -4)
Your muscles are strong. (Str +4, Int/Dex -1)


   Skills:
 + Level 2.2 Fighting
 - Level 12.0 Ranged Weapons
 - Level 1.0 Armour
 - Level 3.1 Dodging
 - Level 1.2 Stealth


You had 6 spell levels left.
You didn't know any spells.
Your spell library was empty.

Inventory:

Hand Weapons
 c - the +8 orcbow of Uqaj (weapon) {heavy, Will+}
   (You acquired it on level 2 of the Dungeon)

   Will:      It increases your willpower.
Armour
 d - a scarf of repulsion (worn)
 e - a +0 helmet (worn)
 g - a +1 pair of gloves (worn)
 j - a +0 ring mail (worn)
Jewellery
 q - an amulet of regeneration (around neck)
Scrolls
 a - a scroll of identify
Potions
 b - 3 potions of haste
 f - 4 potions of curing
 h - a potion of mutation
 k - a potion of enlightenment
 l - 3 potions of heal wounds
 m - a potion of might

Dungeon Overview and Level Annotations

Branches:
Dungeon (6/15)              Sewer (visited)
 Temple: D:4-7

Altars:
Fedhas
Ru
Xom

Shops:
D:4 [


Message History

An orc comes into view. It is wielding a +0 war axe.
The scorpion is engulfed in noxious fumes.
The phantom hits you.
The phantom blinks!
You blink.
The scorpion is engulfed in noxious fumes.
The scorpion appears confused.
The orc moves out of view.
You shoot an arrow. The arrow misses the phantom.
The jelly jiggles.
The phantom hits you but does no damage.
The sleepcap releases spores at you.
The scorpion is engulfed in noxious fumes.
You shoot an arrow. The orc shouts!
The arrow hits the phantom!!
The phantom is almost destroyed.
The shadow hits you.
A kobold comes into view. It is wielding a +0 dagger.
The phantom closely misses you.
The sleepcap releases spores at you but does no damage.
The orc barely misses you. The jelly hits you but does no damage.
The shadow hits you! The phantom barely misses you.
You shoot an arrow. The arrow barely misses the phantom.
The sleepcap barely misses you.
A kobold comes into view.
It is wielding a +2 short sword of electrocution.
The orc hits you but does no damage. The jelly hits you but does no damage.
The phantom hits you but does no damage.
The shadow hits you! The sleepcap releases spores at you.
3609 ||| READING scroll of teleportation.
As you read the scroll of teleportation, it crumbles to dust.
You feel strangely unstable. The orc hits you but does no damage.
The jelly barely misses you. The shadow hits you.
The phantom barely misses you.
A kobold comes into view. It is wielding a +0 whip.
The sleepcap releases spores at you.
You are engulfed in a cloud of soporific spores!
You fall asleep.
A kobold brigand comes into view.
It is wielding a +0 whip and quivering poisoned darts.
The kobold brigand shouts!
The orc splashes around in the water.
The jelly hits you.
You wake up.
The acid corrodes you!
You are splashed with acid!
You die...

##~~~~~.#
#~~K..~~#
.#~..00.~##
K.~.K0..~.
#~K..0.~#
#~~.)oo~#
###~~s~o.######
......JfWl.....
.......@W######
##########


You could see a kobold brigand, a phantom, a sleepcap, a shadow, a scorpion
(confused), an iguana, a jelly, 3 orcs and 3 kobolds.

Vanquished Creatures
  A water moccasin (D:5)
  A black bear (D:4)
  An ice beast (D:5)
  A centaur (D:5)
  A hound (D:4)
  A jelly (D:4)
  Ijyb (D:3)
  3 orc wizards
  Robin (D:2)
  13 gnolls
  7 adders
  3 river rats (Sewer)
  2 ufetubi (D:5)
  3 worms
  2 dart slugs
  9 orcs
  13 ball pythons
  4 endoplasms
  6 giant cockroaches
  13 goblins
  7 hobgoblins
  2 jackals (D:5)
  6 quokkas
  4 bats
  6 frilled lizards
  9 kobolds
  9 rats
129 creatures vanquished.

Notes
Turn   | Place    | Note
-------+----------+-------------------------------------------
     0 | D:1      | qw the Deep Elf Hunter began the quest for the Orb.
     0 | D:1      | Reached XP level 1. HP: 12/12 MP: 3/3
     0 | D:1      | 0 ||| qw: Version: 0.3-a-22-g0ed2b0b
     0 | D:1      | 0 ||| qw: Game counter: 6127
     0 | D:1      | 0 ||| qw: Melee chars always use a shield: true
     0 | D:1      | 0 ||| qw: God list: Okawaru
     0 | D:1      | 0 ||| qw: Allow faded altars: false
     0 | D:1      | 0 ||| qw: Do Orc after clearing Dungeon:15 true
     0 | D:1      | 0 ||| qw: Do second Lair branch before Depths: true
     0 | D:1      | 0 ||| qw: Lair rune preference: random
     0 | D:1      | 0 ||| qw: Goals: Normal
     0 | D:1      | 0 ||| PLANNING D:1-11
   144 | D:1      | Reached skill level 6 in Ranged Weapons
   144 | D:1      | Reached XP level 2. HP: 16/16 MP: 4/4
   491 | D:1      | 491 ||| DROPPING scarf of shadows.
   492 | D:1      | 492 ||| UPGRADING to +0 ring mail.
   502 | D:1      | 502 ||| DROPPING +0 leather armour.
   503 | D:1      | 503 ||| READING scroll labelled OMOERAU ELUNN.
   504 | D:1      | 504 ||| READING scroll labelled AMETYT GUBBOMATH.
   505 | D:1      | 505 ||| READING scroll labelled WOSCHU IK ORUE.
   506 | D:1      | 506 ||| READING scroll labelled KETAVV ZUTRE.
   507 | D:1      | 507 ||| READING scroll labelled VEERAO QIOVEN.
   508 | D:1      | 508 ||| READING scroll labelled WOOBRE SYBAROTZ.
   509 | D:1      | 509 ||| DROPPING scroll of butterflies.
   511 | D:1      | 511 ||| Stepping ~*~*~tactically~*~*~ (cloud).
   517 | D:1      | HP: 4/16 [poisoned by you (poison gas)]
   712 | D:2      | Reached XP level 3. HP: 20/20 MP: 5/5
   772 | D:2      | Noticed Robin
   781 | D:2      | HP: 5/20 [Robin/+0 short sword (4)]
   782 | D:2      | Killed Robin
   783 | D:2      | Reached skill level 7 in Ranged Weapons
   936 | D:2      | Reached XP level 4. HP: 18/25 MP: 6/6
  1294 | D:2      | 1294 ||| UPGRADING to +0 helmet.
  1299 | D:2      | 1299 ||| UPGRADING to +1 pair of gloves.
  1304 | D:2      | 1304 ||| READING 3 scrolls labelled WIAFEC PEOROHE.
  1305 | D:2      | 1305 ||| READING scroll labelled ESUP ZYARGHAKH.
  1305 | D:2      | Identified a scroll of acquirement
  1305 | D:2      | 1305 ||| ACQUIRING +8 orcbow of Uqaj {heavy, Will+}
  1305 | D:2      | Acquired the +8 orcbow of Uqaj {heavy, Will+}
  1307 | D:2      | 1307 ||| SWAPPING to +8 orcbow of Uqaj {heavy, Will+}.
  1308 | D:2      | 1308 ||| DROPPING +1 shortbow of flaming.
  1309 | D:2      | 1309 ||| READING scroll labelled GIEGAX ERIFEESM.
  1313 | D:2      | 1313 ||| DRINKING 2 blue potions.
  1314 | D:2      | 1314 ||| READING 2 scrolls of identify.
  1314 | D:2      | 1314 ||| IDENTIFYING cyan potion
  1336 | D:3      | Found a faded altar of an unknown god.
  1534 | D:3      | Reached skill level 8 in Ranged Weapons
  1555 | D:3      | Reached XP level 5. HP: 29/29 MP: 7/7
  1612 | D:3      | Noticed Ijyb
  1614 | D:3      | 1614 ||| FLEEEEING.
  1615 | D:3      | 1615 ||| FLEEEEING.
  1616 | D:3      | 1616 ||| FLEEEEING.
  1617 | D:3      | 1617 ||| FLEEEEING.
  1618 | D:3      | 1618 ||| FLEEEEING.
  1619 | D:3      | 1619 ||| FLEEEEING.
  1620 | D:3      | 1620 ||| FLEEEEING.
  1621 | D:3      | 1621 ||| FLEEEEING.
  1622 | D:3      | 1622 ||| FLEEEEING.
  1623 | D:3      | 1623 ||| FLEEEEING.
  1624 | D:3      | 1624 ||| FLEEEEING.
  1626 | D:3      | 1626 ||| FLEEEEING.
  1627 | D:3      | 1627 ||| FLEEEEING.
  1630 | D:3      | 1630 ||| FLEEEEING.
  1634 | D:3      | Killed Ijyb
  1807 | D:3      | 1807 ||| READING 2 scrolls of identify.
  1807 | D:3      | 1807 ||| IDENTIFYING silvery potion
  1808 | D:3      | 1808 ||| DROPPING potion of berserk rage.
  1832 | D:4      | 1832 ||| PLANNING SEWER
  1842 | D:4      | Reached skill level 9 in Ranged Weapons
  1878 | D:4      | Found a glowing drain.
  1880 | D:4      | 1880 ||| READING 2 scrolls of identify.
  1880 | D:4      | 1880 ||| IDENTIFYING bubbling blue potion
  1882 | D:4      | 1882 ||| DROPPING potion of attraction.
  1887 | D:4      | 1887 ||| READING scroll labelled LUIXKU RUNAS.
  1898 | D:4      | 1898 ||| Stepping ~*~*~tactically~*~*~ (water).
  1902 | Sewer    | Entered a sewer
  1905 | Sewer    | 1905 ||| Stepping ~*~*~tactically~*~*~ (water).
  1922 | Sewer    | 1922 ||| Stepping ~*~*~tactically~*~*~ (water).
  2067 | Sewer    | 2067 ||| Stepping ~*~*~tactically~*~*~ (water).
  2088 | Sewer    | Reached skill level 1 in Armour
  2088 | Sewer    | Reached XP level 6. HP: 35/35 MP: 8/8
  2102 | Sewer    | 2102 ||| Stepping ~*~*~tactically~*~*~ (water).
  2104 | Sewer    | 2104 ||| Stepping ~*~*~tactically~*~*~ (water).
  2174 | Sewer    | 2174 ||| Stepping ~*~*~tactically~*~*~ (water).
  2205 | Sewer    | 2205 ||| DRINKING 2 smoky pink potions.
  2206 | Sewer    | 2206 ||| READING 2 scrolls of identify.
  2206 | Sewer    | 2206 ||| IDENTIFYING metallic dark potion
  2207 | Sewer    | 2207 ||| DROPPING potion of magic.
  2211 | D:4      | 2211 ||| PLANNING D:1-11
  2386 | D:4      | Reached skill level 10 in Ranged Weapons
  2568 | D:4      | Found Qinett's Armour Boutique.
  2571 | D:4      | 2571 ||| SHOPLISTING +1 scale mail of cold resistance (208
                  | gold, have 170).
  2571 | D:4      | 2571 ||| SHOPLISTING +2 scale mail of cold resistance (273
                  | gold, have 170).
  2571 | D:4      | 2571 ||| BUYING scarf of repulsion (156 gold).
  2571 | D:4      | Bought a scarf of repulsion for 156 gold pieces
  2711 | D:4      | Reached skill level 3 in Dodging
  2897 | D:4      | Found a sacrificial altar of Ru.
  2947 | D:4      | 2947 ||| UPGRADING to scarf of repulsion.
  2952 | D:4      | 2952 ||| DRINKING 2 puce potions.
  2952 | D:4      | Gained mutation: You are clumsy. (Dex -2) [potion of
                  | mutation]
  2952 | D:4      | Gained mutation: You are very clumsy. (Dex -4) [potion of
                  | mutation]
  2952 | D:4      | Gained mutation: Your muscles are strong. (Str +4, Int/Dex
                  | -1) [potion of mutation]
  2953 | D:4      | 2953 ||| READING 3 scrolls of identify.
  2953 | D:4      | 2953 ||| IDENTIFYING fizzy dark potion
  2954 | D:4      | 2954 ||| READING 2 scrolls of identify.
  2954 | D:4      | 2954 ||| IDENTIFYING fuming blue potion
  2955 | D:4      | 2955 ||| DROPPING potion of brilliance.
  3005 | D:5      | Entered Level 5 of the Dungeon
  3023 | D:5      | Noticed a water moccasin
  3026 | D:5      | Reached XP level 7. HP: 34/40 MP: 9/9
  3030 | D:5      | Reached skill level 11 in Ranged Weapons
  3394 | D:5      | Found a blossoming altar of Fedhas.
  3545 | D:5      | Reached skill level 12 in Ranged Weapons
  3578 | D:5      | 3578 ||| DROPPING +0 leather armour of cold resistance.
  3579 | D:5      | 3579 ||| UPGRADING to amulet of regeneration.
  3584 | D:5      | 3584 ||| DROPPING +6 ring of intelligence.
  3585 | D:5      | 3585 ||| READING scroll labelled QAOT EPPER.
  3586 | D:5      | 3586 ||| READING scroll labelled VIMMOI HAMI.
  3587 | D:5      | 3587 ||| READING 2 scrolls of identify.
  3587 | D:5      | 3587 ||| IDENTIFYING inky potion
  3602 | D:6      | Noticed a shadow
  3602 | D:6      | Found a shimmering altar of Xom.
  3608 | D:6      | HP: 10/40 [shadow (8)]
  3609 | D:6      | 3609 ||| READING scroll of teleportation.
  3609 | D:6      | HP: 4/40 [shadow (2)]
  3610 | D:6      | Splashed by a jelly's acid

Levels and vault maps discovered:
D:1:      dpeg_arrival_radiant, layout_basic
D:2:      layout_basic, serial_forest, infiniplex_forest_end_2,
          infiniplex_forest_lined_4_way, infiniplex_forest_clump_long,
          infiniplex_forest_lined_room_2, infiniplex_forest_straight_3,
          infiniplex_forest_join, infiniplex_forest_straight_2,
          infiniplex_forest_clump_small, uniq_robin
D:3:      layout_rooms, nicolae_ecumenical_pavilion, uniq_ijyb
D:4:      layout_basic, nicolae_overflow_crystal_walls, portal_sewer_entry_f,
          serial_shops, shop, serial_glass, glass_columns_a, glass_columns_c
D:5:      layout_rooms, mainiacjoe_overflow_surrounded_room,
          chequers_serial_rivers_small_b, minmay_stone_trees_small
D:6:      kennysheep_big_flooded_room, layout_loops_ring, xom_confusion_cloud,
          lemuel_tele_altar, serial_rivers, chequers_serial_rivers_marsh,
          chequers_serial_rivers_small_a, chequers_serial_rivers_micro_c,
          chequers_serial_rivers_small_b, chequers_serial_rivers_micro_a,
          dk_vineyard_2, lemuel_flamethrower_2

Skill      XL: |  1  2  3  4  5  6  7 |
---------------+----------------------+-----
Ranged Weapons | 6 7 8 9 10 12 | 12.0
Fighting       | 2 |  2.2
Armour         | 1 |  1.0
Dodging        | 3 |  3.1
Stealth        | |  1.2

Action                     |  1- 3 |  4- 6 |  7- 9 || total
---------------------------+-------+-------+-------++-------
   Fire: Shortbow          |    79 |     3 |       ||    82
         Orcbow            |       |   112 |    43 ||   155
    Use: Scroll            |     6 |    10 |     4 ||    20
         Potion            |       |     3 |       ||     3
 Armour: Leather armour    |     2 |       |       ||     2
         Ring mail         |     4 |    17 |    11 ||    32
  Dodge: Dodged            |    13 |    30 |    11 ||    54
         Repelled          |       |       |     1 ||     1

Table legend:
 A = Non-vault XP
 B = Vault XP
 C = Vault XP percentage of total XP
 D = Non-vault monster count
 E = Vault monster count
 F = Vault count percentage of total count
                 A         B        C        D         E       F
            +---------+---------+-------+---------+---------+-------
      Total |    1070 |     190 |  15.1 |      94 |      35 |  27.1
            +---------+---------+-------+---------+---------+-------
        D:1 |      31 |       0 |   0.0 |      18 |       0 |   0.0
        D:2 |      35 |      37 |  51.4 |      14 |      12 |  46.2
        D:3 |     113 |      36 |  24.2 |      20 |       1 |   4.8
        D:4 |     339 |      12 |   3.4 |      22 |       6 |  21.4
        D:5 |     552 |       0 |   0.0 |      20 |       0 |   0.0
        D:6 |       0 |      16 | 100.0 |       0 |       2 | 100.0
      Sewer |       0 |      89 | 100.0 |       0 |      14 | 100.0
            +---------+---------+-------+---------+---------+-------
